 Dungeon Crawl Stone Soup version 0.21.1-1-g345015fe64 (webtiles) character file.

47 Ryomija the Grave Robber (level 3, -1/24 HPs)
             Began as a Mummy Necromancer on May 12, 2018.
             Slain by a quokka (3 damage)
             ... on level 2 of the Dungeon.
             The game lasted 00:03:34 (1819 turns).

Ryomija the Grave Robber (Mummy Necromancer)        Turns: 1819, Time: 00:03:34

Health: -1/24      AC:  2    Str: 11    XL:     3   Next: 48%
Magic:  7/7        EV: 12    Int: 15    God:
Gold:   66         SH:  0    Dex: 12    Spells: 6/7 levels left

rFire    x . .     SeeInvis .   c - +0 whip (pain)
rCold    + . .     Gourm    .   (no shield)
rNeg     + + +     Faith    .   a - +0 robe
rPois    ∞         Spirit   .   (no helmet)
rElec    .         Reflect  .   (no cloak)
rCorr    .         Harm     .   (no gloves)
MR       .....                  (no boots)
Stlth    ++........             (no amulet)
HPRegen  0.08/turn              (no ring)
MPRegen  0.10/turn              (no ring)

@: no status effects
A: no food or potions, fire vulnerability, cold resistance 1, negative energy
resistance 3, torment resistance, unbreathing
a: no special abilities


You were on level 2 of the Dungeon.
You were not hungry.

You visited 1 branch of the dungeon, and saw 2 of its levels.

You collected 66 gold pieces.

Inventory:

Hand Weapons
 c - a +0 whip of pain (weapon)
Armour
 a - a +0 robe (worn)
Jewellery
 g - an uncursed ring of ice {unknown}
Scrolls
 d - 2 scrolls of identify {unknown}
 e - a scroll of remove curse {unknown}
 f - a scroll of magic mapping {unknown}
 h - 2 scrolls of fear {unknown}
Books
 b - a book of Necromancy

   Spells                             Type                      Level
   a - Pain                           Necromancy                   1
   b - Animate Skeleton               Necromancy                   1
   c - Vampiric Draining              Necromancy                   3
   d - Regeneration                   Charms/Necromancy            3
   e - Animate Dead                   Necromancy                   4
   f - Borgnjor's Vile Clutch         Necromancy/Earth             5


   Skills:
 - Level 1.5 Dodging
 - Level 1.5 Stealth
 - Level 2.6 Spellcasting
 + Level 5.3 Necromancy


You had 6 spell levels left.
You knew the following spells:

 Your Spells              Type           Power        Failure   Level  Hunger
a - Pain                  Necr           ###.         2%          1    N/A

Dungeon Overview and Level Annotations

Branches:
Dungeon (2/15)

Altars:

Annotations:
D:1 1 runed door


Innate Abilities, Weirdness & Mutations

You do not eat or drink.
Your flesh is vulnerable to fire.
You are immune to poison.
Your flesh is cold resistant. (rC+)
You are immune to negative energy. (rN+++)
You are immune to unholy pain and torment.
You can survive without breathing.


Message History

You are too injured to fight recklessly!
You hit the quokka but do no damage.
The quokka writhes in agony.
The quokka is almost dead.
The quokka bites you.
You closely miss the quokka.
The quokka is almost dead.
The quokka bites you.
* * * LOW HITPOINT WARNING * * *
You closely miss the quokka.
The quokka is almost dead.
The quokka misses you. The quokka bites you.
* * * LOW HITPOINT WARNING * * *
You closely miss the quokka.
The quokka is almost dead.
The quokka bites you.
* * * LOW HITPOINT WARNING * * *
You miss the quokka.
The quokka is almost dead.
The quokka bites you.
You die...

...........#
####.......#
#..........#
.#######...(......# #
.$................#..#
............####.##..#
......).....####..#..#
......r.####...##.#..#
.......@.(.....+.....#
.######.####...##.##.#
#... #.......#.###
##..#.###...#......
...#.# #...#...###
####.##.###.......# #
#..............#..# #
#.......###....#..###
##.###.#..........#.>...


You could see a quokka.

Vanquished Creatures
  An adder (D:2)
  An ooze (D:1)
  A dart slug (D:1)
  A leopard gecko (D:1)
  A ball python (D:1)
  5 bats (D:1)
  6 goblins (D:1)
  2 hobgoblins
  4 frilled lizards
  5 kobolds
  7 rats
34 creatures vanquished.

Notes
Turn   | Place    | Note
-------+----------+-------------------------------------------
     0 | D:1      | Ryomija the Mummy Necromancer began the quest for the Orb.
     0 | D:1      | Reached XP level 1. HP: 13/13 MP: 4/4
     1 | D:1      | Found a runed door.
   219 | D:1      | Reached XP level 2. HP: 15/19 MP: 5/5
   900 | D:1      | Reached skill level 5 in Necromancy
   900 | D:1      | Reached XP level 3. HP: 21/24 MP: 7/7
  1819 | D:2      | Slain by a quokka

Skill      XL: |  1  2 |
---------------+-------+-----
Necromancy     | 5 |  5.3
Dodging        | |  1.5
Stealth        | |  1.5
Spellcasting   | |  2.6

Action                   || total
-------------------------++-------
Melee: Whip              ||    96
 Cast: Pain              ||     3
 Stab: Sleeping          ||     7
Armor: Robe              ||    16
Dodge: Dodged            ||    58
